 Dungeon Crawl Stone Soup version 0.21-a0-331-gfb491b4 (webtiles) character file.

81 Hasart the Slasher (level 4, 0/30 HPs)
             Began as a Halfling Fighter on Oct 2, 2017.
             Killed from afar by Sigmund (5 damage)
             ... with a puff of flame
             ... on level 2 of the Dungeon.
             The game lasted 00:03:07 (1898 turns).

Hasart the Slasher (Halfling Fighter)               Turns: 1898, Time: 00:03:08

Health: 0/30       AC:  6    Str: 23    XL:     4   Next: 68%
Magic:  4/4        EV:  9    Int:  6    God:
Gold:   83         SH: 10    Dex: 13    Spells: 3/3 levels left

rFire    . . .     SeeInvis .   a - +0 long sword
rCold    . . .     Gourm    .   c - +0 shield
rNeg     . . .     Faith    .   b - +0 scale mail
rPois    .         Spirit   .   (no helmet)
rElec    .         Reflect  .   (no cloak)
rCorr    .         Harm     .   (no gloves)
MR       .....                  (no boots)
Stlth    ..........             (no amulet)
HPRegen  0.10/turn              (no ring)
MPRegen  0.09/turn              (no ring)

@: mighty
A: mutation resistance 1
a: no special abilities


You were on level 2 of the Dungeon.
You were hungry.

You visited 1 branch of the dungeon, and saw 2 of its levels.

You collected 83 gold pieces.

Inventory:

Hand Weapons
 a - a +0 long sword (weapon)
Armour
 b - a +0 scale mail (worn)
 c - a +0 shield (worn)
Jewellery
 h - an uncursed amulet of magic regeneration {unknown}
Scrolls
 e - 2 scrolls of amnesia {unknown}
 i - a scroll of immolation {unknown}
 j - 3 scrolls of magic mapping {unknown}
 l - 2 scrolls of identify {unknown}
 s - a scroll of teleportation {unknown}
 u - a scroll of recharging {unknown}
 v - a scroll of remove curse {unknown}
Potions
 k - a potion of resistance {unknown}
 m - a potion of lignification {unknown}
 n - a potion of flight {unknown}
 o - 2 potions of berserk rage {unknown}
 p - a potion of heal wounds {unknown}
 q - a potion of curing {unknown}
 t - 2 potions of cancellation {unknown}
Comestibles
 f - a bread ration
 g - 5 chunks of flesh
 r - 4 fruits


   Skills:
 - Level 2.6 Fighting
 + Level 4.5 Long Blades
 - Level 3.2 Armour
 - Level 3.2 Shields


You had 3 spell levels left.
You didn't know any spells.

Dungeon Overview and Level Annotations

Branches:
Dungeon (2/15)

Altars:
Sif Muna

Annotations:
D:2 Sigmund


Innate Abilities, Weirdness & Mutations

You are small and have problems with some larger weapons.
You are somewhat resistant to further mutation.


Message History

You hit the goblin.
You kill the goblin!
Something hits you but does no damage.
Found 3 scrolls labeled IKLAIM HUNLOPU.
You see here a dagger.
You hear some strange, mumbled words.
Something tries to affect you, but you resist.
You hear some strange, mumbled words.
You are confused.
Something hits you.
You bump into the rock wall.
You feel less confused.
Sigmund appears from thin air!
Reactivating autopickup.
You feel very mighty all of a sudden.
Sigmund hits you from afar with a scythe!
* * * LOW HITPOINT WARNING * * *
Sigmund gestures at you while chanting. The puff of flame hits you!
You die...

#.###...........#.....## #.#
#...........##..#... #.#
#####.......#...#.## ###.#
#........#...#...
#..^######........#...#.#.
##.##........#.#...#...#...
#..#..######.#)....#)..#...
##.#..######........#...##..
#....#....@@..#.....#...#...
#......######.#.....#...#...
#...)### #.#.....#...#...
#..[..$..?.# ..#..##.#...#...
#....................#...#...
#............###.######'##...
#...........# ..# #_###..
#####.......# .## ######..
#>......#.# #....#..


You could see Sigmund.

Vanquished Creatures
  2 adders (D:2)
  An ooze (D:1)
  3 worms (D:2)
  2 dart slugs (D:2)
  2 leopard geckos
  3 giant cockroaches
  8 hobgoblins
  4 jackals (D:2)
  5 kobolds
  A bat (D:1)
  7 frilled lizards
  5 goblins
  3 rats
46 creatures vanquished.

Notes
Turn   | Place    | Note
-------+----------+-------------------------------------------
     0 | D:1      | Hasart the Halfling Fighter began the quest for the Orb.
     0 | D:1      | Reached XP level 1. HP: 15/15 MP: 1/1
   465 | D:1      | Reached XP level 2. HP: 20/20 MP: 2/2
   805 | D:1      | Reached skill level 3 in Long Blades
   957 | D:1      | Reached XP level 3. HP: 25/25 MP: 3/3
  1281 | D:2      | Reached skill level 4 in Long Blades
  1281 | D:2      | Reached XP level 4. HP: 24/30 MP: 4/4
  1801 | D:2      | Found a deep blue altar of Sif Muna.
  1876 | D:2      | Noticed Sigmund
  1898 | D:2      | Killed from afar by Sigmund

Vault maps used:
D:1:      dpeg_arrival_central, minmay_misc_feat_alley
D:2:      minmay_misc_feat_tower, lemuel_blue_sif_altar, uniq_sigmund

Skill      XL: |  1  2  3 |
---------------+----------+-----
Long Blades    | 3 4 |  4.5
Fighting       | |  2.6
Armour         | |  3.2
Shields        | |  3.2

Action                   |  1- 3 |  4- 6 || total
-------------------------+-------+-------++-------
Melee: Long sword        |   131 |    49 ||   180
  Use: Potion            |       |     1 ||     1
  Eat: Chunk             |     1 |     2 ||     3
Armor: Scale mail        |    41 |    19 ||    60
Dodge: Dodged            |    54 |    16 ||    70
Block: Shield            |    74 |    21 ||    95
       Rpst.: Long sword |    18 |     6 ||    24

Table legend:
 A = Spawn XP
 B = Non-spawn XP
 C = Spawn XP percentage of total XP
 D = Spawn monster count
 E = Non-spawn monster count
 F = Spawn count percentage of total count
 G = Total turns spent on level
                    A         B        C        D         E        F      G
               +---------+---------+-------+---------+---------+-------+---------
         Total |       0 |     117 |   0.0 |       0 |      46 |   0.0 |  1898
               +---------+---------+-------+---------+---------+-------+---------
           D:1 |       0 |      39 |   0.0 |       0 |      22 |   0.0 |  1210
           D:2 |       0 |      78 |   0.0 |       0 |      24 |   0.0 |   688
               +---------+---------+-------+---------+---------+-------+---------
